 Dungeon Crawl Stone Soup version 0.29.0 (webtiles) character file.

Game seed: 9627782179328551749

35256 Renzlar the Blocker (level 13, 69/106 HPs)
             Began as a Gnoll Fighter on Aug 24, 2022.
             Was an Initiate of Jiyva.
             Quit the game on level 4 of the Lair of Beasts on Aug 25, 2022.
             The game lasted 01:01:45 (17341 turns).

Renzlar the Blocker (Gnoll Fighter)                Turns: 17341, Time: 01:01:46

Health: 69/106     AC: 20    Str: 20    XL:     13   Next: 82%
Magic:  25/26      EV: 17    Int:  7    God:    Jiyva [......]
Gold:   429        SH:  8    Dex: 25    Spells: 19/30 levels left

rFire   . . .      SeeInvis .   a - +1 war axe (spect)
rCold   . . .      Faith    .   m - +0 buckler
rNeg    . . .      Spirit   .   u - +5 scale mail {rPois}
rPois   +          Reflect  .   E - +2 hat
rElec   .          Harm     .   k - +0 cloak
rCorr   +          Rampage  .   l - +0 pair of gloves
Will    .....                   e - +0 pair of boots
Stlth   +++.......              (no amulet)
HPRegen 0.27/turn               f - +6 ring of dexterity
MPRegen 0.20/turn               G - ring "Myolif" {rCorr Dex+6 Slay+2}

@: studying Fire Magic
A: fangs 1, strong nose, distributed training
a: Renounce Religion


You were on level 4 of the Lair of Beasts.
You worshipped Jiyva.
Jiyva was noncommittal.
You visited 3 branches of the dungeon, and saw 16 of its levels.

You collected 1113 gold pieces.
You spent 684 gold pieces at shops.

Inventory:

Hand Weapons
 a - a +1 spectral war axe (weapon)
 b - a +2 dagger of protection
 c - a +1 sling
 d - the +8 trident of the Dragonfly {venom, Will+ Dex+3 SInv}
   (You found it on level 4 of the Lair of Beasts)

   It poisons the flesh of those it strikes.
   Dex:       It affects your dexterity (+3).
   SInv:      It lets you see invisible.
   Will:      It increases your willpower.
 y - a +1 scimitar of flaming
Missiles
 p - 6 throwing nets
 F - a curare-tipped dart
 I - 13 poisoned darts
Armour
 e - a +0 pair of boots (worn)
 k - a +0 cloak (worn)
 l - a +0 pair of gloves (worn)
 m - a +0 buckler (worn)
 u - a +5 scale mail of poison resistance (worn)
 E - a +2 hat (worn)
Jewellery
 f - a +6 ring of dexterity (left hand)
 n - a ring of flight
 w - the ring "Myjot" {rElec rN+}
   (You took it off a gnoll on level 8 of the Dungeon)

   [ring of positive energy]

   rElec:     It insulates you from electricity.
   rN:        It protects you from negative energy.
 G - the ring "Myolif" (right hand) {rCorr Dex+6 Slay+2}
   (You bought it in a shop on level 1 of the Dungeon)

   [ring of dexterity]

   Dex:       It affects your dexterity (+6).
   Slay:      It affects your accuracy & damage with ranged weapons and melee
   (+2).
   rCorr:     It protects you from acid and corrosion.
 M - a ring of fire
Wands
 s - a wand of flame (20)
 B - a wand of acid (9)
 L - a wand of roots (5)
 N - a wand of mindburst (15)
 P - a wand of digging (7)
Scrolls
 h - a scroll of magic mapping
 q - 2 scrolls of blinking
 r - 3 scrolls of fog
 v - 3 scrolls of enchant armour
 z - a scroll of silence
 C - 3 scrolls of teleportation
 D - a scroll of poison
 J - 4 scrolls of identify
 K - 2 scrolls of enchant weapon
Potions
 g - 4 potions of heal wounds
 i - 6 potions of lignification
 j - 8 potions of curing
 o - 4 potions of flight
 t - 2 potions of might
 x - a potion of resistance
 A - 2 potions of berserk rage
 H - a potion of mutation
 O - a potion of cancellation


   Skills:
 + Level 11.1 Fighting
 + Level 9.0 Short Blades
 + Level 9.0 Long Blades
 + Level 10.1 Axes
 + Level 9.0 Maces & Flails
 + Level 9.0 Polearms
 + Level 9.0 Staves
 + Level 9.0 Ranged Weapons
 + Level 9.0 Throwing
 + Level 11.1 Armour
 + Level 9.0 Dodging
 + Level 9.0 Stealth
 + Level 11.1 Shields
 + Level 9.0 Unarmed Combat
 + Level 9.0 Spellcasting
 + Level 7.4 Conjurations
 + Level 7.4 Hexes
 + Level 7.4 Summonings
 + Level 7.4 Necromancy
 + Level 7.4 Translocations
 + Level 7.4 Transmutations
 + Level 9.4 Fire Magic
 + Level 7.4 Ice Magic
 + Level 7.4 Air Magic
 + Level 7.4 Earth Magic
 + Level 7.4 Poison Magic
 + Level 9.8 Invocations
 + Level 9.0 Evocations


You had 19 spell levels left.
You knew the following spells:

 Your Spells              Type           Power      Damage    Failure   Level
a - Frozen Ramparts       Ice            26%        1d4       8%          3
b - Cause Fear            Hex            6%         N/A       24%         4
c - Hailstorm             Conj/Ice       13%        3d5       24%         4

Your spell library contained the following spells:

 Spells                   Type           Power      Damage    Failure   Level
 Foxfire                  Conj/Fire      60%        2x1d7     1%          1
 Freeze                   Ice            52%        1d7       2%          1
 Summon Small Mammal      Summ           52%        N/A       2%          1
 Wereblood                Tmut           13%        N/A       3%          2
 Inner Flame              Hex/Fire       15%        N/A       4%          3
 Call Canine Familiar     Summ           13%        N/A       8%          3
 Portal Projectile        Hex/Tloc       26%        N/A       8%          3
 Summon Guardian Golem    Hex/Summ       13%        N/A       8%          3
 Tukima's Dance           Hex            13%        N/A       8%          3
 Blade Hands              Tmut           6%         N/A       56%         5
 Metabolic Englaciation   Hex/Ice        6%         N/A       56%         5
 Enfeeble                 Hex            6%         N/A       100%        7
 Discord                  Hex            6%         N/A       100%        8


Dungeon Overview and Level Annotations

Branches:
Dungeon (11/15)            Temple (1/1) D:6            Lair (4/5) D:11
  Swamp (0/4) Lair:3       Spider (0/4) Lair:3        Slime (0/5) Lair:4
    Orc (0/2) D:9

Altars:
Ashenzari
Cheibriados
Dithmenos
Elyvilon
Fedhas
Gozag
Hepliaklqana
Kikubaaqudgha
Makhleb
Nemelex Xobeh
Okawaru
Qazlal
Ru
Sif Muna
Trog
Uskayaw
Vehumet
Wu Jian
Xom
Yredelemnul
Zin
The Shining One
Jiyva

Shops:
D:1 =   D:6 [   D:8 *

Annotations:
D:4 1 runed translucent door, slphil's ghost, amateur DsNe
D:8 exclusion: oklob plant
D:11 3 runed translucent doors, Flakmanz's ghost, journeyman MiAr


Innate Abilities, Weirdness & Mutations

You have very sharp teeth.
Your uncanny sense of smell can sniff out nearby items.
Your experience applies equally to all skills.


Message History

You block the elephant's attack. The elephant closely misses you.
You hit the elephant but do no damage.
The elephant is moderately wounded.
Your +1 spectral war axe hits the elephant.
Your +1 spectral war axe fades away.
The elephant closely misses you. The elephant barely misses you.
You slash the elephant!
The elephant is severely wounded.
Your +1 spectral war axe hits the elephant!
You block the elephant's attack. x2
You hit the elephant.
You bite the elephant, but do no damage.
The elephant is almost dead.
Your +1 spectral war axe hits the elephant but does no damage.
The elephant barely misses your +1 spectral war axe.
The elephant trunk-slaps your +1 spectral war axe but does no damage.
You hit the elephant.
The elephant is almost dead.
Your +1 spectral war axe barely misses the elephant.
You block the elephant's attack. The elephant closely misses you.
You hit the elephant but do no damage.
The elephant is almost dead.
Your +1 spectral war axe hits the elephant.
You kill the elephant!
Your Short Blades skill increases to level 9!
Your Long Blades skill increases to level 9!
Your Maces & Flails skill increases to level 9!
Your Polearms skill increases to level 9!
Your Staves skill increases to level 9!
Your Ranged Weapons skill increases to level 9!
Your Throwing skill increases to level 9!
Your Dodging skill increases to level 9!
Your Stealth skill increases to level 9!
Your Unarmed Combat skill increases to level 9!
Your Spellcasting skill increases to level 9!
Your Evocations skill increases to level 9!
Unknown command.
You swap places.
You see here an elephant corpse.
Are you sure you want to abandon this character and quit the game? (Confirm with "yes".)

#.... ###......
#........ ..>.....#
........ ###
#.....#
##.###†...P#
#...#†...##
#+.+.†@...#
##.8....####
##....##.#
###.......##
#...........#
##...........#
##...##...##...##
##....##.8.##....##
####...####...J#
#...#


There were no monsters in sight!

Vanquished Creatures
  Gastronok (D:10)
  Josephine (D:10)
  Harold (D:10)
  2 hydras
  Erica (D:9)
  2 two-headed ogres
  A bog body (Lair:3)
  Pikel (D:9)
  An ugly thing (D:11)
  The ghost of worthlessgem the Changer, a novice FeTm of Yredelemnul (D:8)
  A manticore (D:11)
  6 elephants
  A black mamba (Lair:4)
  An unseen horror (D:11)
  9 cane toads
  2 rime drakes (Lair:4)
  3 kobold demonologists (D:11)
  6 komodo dragons
  2 polar bears (Lair:2)
  A troll (D:10)
  Prince Ribbit (D:5)
  7 blink frogs
  Grinder (D:3)
  Sigmund (D:4)
  49 yaks
  Eustachio (D:5)
  6 wraiths (D:10)
  A vampire (D:10)
  4 wyverns
  A steam dragon (D:9)
  4 basilisks
  3 vampire mosquitoes (D:10)
  An acid dragon (D:8)
  Edmund (D:4)
  19 water moccasins
  4 ice beasts
  Duvessa (D:7)
  5 black bears
  2 orc warriors (D:9)
  2 sky beasts (D:8)
  A centaur (D:8)
  2 ogres
  4 wolves (Lair:2)
  A lemure (D:9)
  Blork the orc (D:5)
  4 kobold brigands
  2 necrophages
  11 bullfrogs
  2 scorpions (D:5)
  5 gnoll sergeants
  18 wights
  Dowan (D:6)
  3 howler monkeys
  6 hounds
  6 jellies
  2 gnoll boudas
  4 orc priests
  2 iguanas
  2 orc wizards (D:5)
  21 gnolls
  7 adders
  2 shadow imps
  2 white imps
  3 dart slugs (D:3)
  32 orcs
  6 ball pythons
  19 endoplasms
  4 giant cockroaches
  7 goblins
  8 hobgoblins
  3 jackals (D:5)
  15 kobolds
  6 quokkas
  6 bats
  4 frilled lizards
  5 rats
385 creatures vanquished.

Vanquished Creatures (others)
  A howler monkey (D:9)
  5 jellies (Lair:4)
  29 fungi
  40 plants
75 creatures vanquished.

Grand Total: 460 creatures vanquished

Notes
Turn   | Place    | Note
-------+----------+-------------------------------------------
     0 | D:1      | Renzlar the Gnoll Fighter began the quest for the Orb.
     0 | D:1      | Reached XP level 1. HP: 23/23 MP: 1/1
    20 | D:1      | Found Erphip's Jewellery Boutique.
    93 | D:1      | Reached XP level 2. HP: 23/29 MP: 2/2
   718 | D:2      | Reached XP level 3. HP: 30/35 MP: 3/3
   866 | D:2      | Found a faded altar of an unknown god.
   878 | D:2      | Got Plato's Almanac of Incandescence
  1246 | D:2      | Reached skill level 1 in Invocations
  1419 | D:2      | Reached skill level 1 in Short Blades
  1419 | D:2      | Reached skill level 1 in Long Blades
  1419 | D:2      | Reached skill level 1 in Maces & Flails
  1419 | D:2      | Reached skill level 1 in Polearms
  1419 | D:2      | Reached skill level 1 in Staves
  1419 | D:2      | Reached skill level 1 in Ranged Weapons
  1419 | D:2      | Reached skill level 1 in Throwing
  1419 | D:2      | Reached skill level 1 in Dodging
  1419 | D:2      | Reached skill level 1 in Stealth
  1419 | D:2      | Reached skill level 1 in Unarmed Combat
  1419 | D:2      | Reached skill level 1 in Spellcasting
  1419 | D:2      | Reached skill level 1 in Evocations
  1619 | D:3      | Reached XP level 4. HP: 41/41 MP: 5/5
  1983 | D:3      | Reached skill level 1 in Conjurations
  1983 | D:3      | Reached skill level 1 in Hexes
  1983 | D:3      | Reached skill level 1 in Summonings
  1983 | D:3      | Reached skill level 1 in Necromancy
  1983 | D:3      | Reached skill level 1 in Translocations
  1983 | D:3      | Reached skill level 1 in Transmutations
  1983 | D:3      | Reached skill level 1 in Fire Magic
  1983 | D:3      | Reached skill level 1 in Ice Magic
  1983 | D:3      | Reached skill level 1 in Air Magic
  1983 | D:3      | Reached skill level 1 in Earth Magic
  1983 | D:3      | Reached skill level 1 in Poison Magic
  2201 | D:3      | Found an ornate altar of the Wu Jian Council.
  2525 | D:4      | Noticed Grinder
  2533 | D:3      | Killed Grinder
  2534 | D:3      | Reached skill level 5 in Axes
  2534 | D:3      | Reached XP level 5. HP: 47/47 MP: 5/8
  2534 | D:3      | Reached XP level 6. HP: 53/53 MP: 5/9
  2626 | D:4      | Found a runed translucent door.
  2777 | D:4      | Noticed slphil's ghost (amateur DsNe)
  3010 | D:4      | Noticed Edmund
  3025 | D:4      | Killed Edmund
  3026 | D:4      | Reached XP level 7. HP: 39/60 MP: 10/10
  3171 | D:4      | Noticed Sigmund
  3182 | D:4      | Killed Sigmund
  3486 | D:5      | Entered Level 5 of the Dungeon
  3562 | D:5      | Noticed Eustachio
  3565 | D:5      | Reached XP level 8. HP: 58/67 MP: 12/12
  3580 | D:5      | Killed Eustachio
  4244 | D:5      | Found a basalt altar of Yredelemnul.
  4244 | D:5      | Found a shimmering blue altar of Sif Muna.
  4293 | D:5      | Noticed Prince Ribbit
  4310 | D:5      | Killed Prince Ribbit
  4311 | D:5      | Reached XP level 9. HP: 60/73 MP: 14/14
  4422 | D:5      | Noticed Blork the orc
  4429 | D:5      | Killed Blork the orc
  4797 | D:6      | Noticed a two-headed ogre
  4809 | D:6      | Killed a two-headed ogre
  4810 | D:6      | Reached skill level 5 in Invocations
  5274 | D:6      | Found Fuot's Antique Armour Boutique.
  5428 | D:6      | Found a staircase to the Ecumenical Temple.
  5435 | Temple   | Entered the Ecumenical Temple
  5507 | Temple   | Became a worshipper of Warmaster Okawaru
  5858 | D:7      | Noticed Duvessa
  5859 | D:7      | Noticed Dowan
  5879 | D:6      | Reached * piety under Okawaru
  5880 | D:6      | Reached skill level 5 in Short Blades
  5880 | D:6      | Reached skill level 5 in Long Blades
  5880 | D:6      | Reached skill level 5 in Maces & Flails
  5880 | D:6      | Reached skill level 5 in Polearms
  5880 | D:6      | Reached skill level 5 in Staves
  5880 | D:6      | Reached skill level 5 in Ranged Weapons
  5880 | D:6      | Reached skill level 5 in Throwing
  5880 | D:6      | Reached skill level 5 in Dodging
  5880 | D:6      | Reached skill level 5 in Stealth
  5880 | D:6      | Reached skill level 5 in Unarmed Combat
  5880 | D:6      | Reached skill level 5 in Spellcasting
  5880 | D:6      | Reached skill level 5 in Evocations
  5880 | D:6      | Reached XP level 10. HP: 14/82 MP: 17/17
  6249 | D:7      | Killed Duvessa
  6259 | D:6      | Killed Dowan
  7124 | D:8      | Reached ** piety under Okawaru
  7216 | D:8      | Found a stormy altar of Qazlal.
  7230 | D:8      | Noticed worthlessgem's ghost (novice FeTm)
  7236 | D:8      | Identified the ring "Myjot" {rElec rN+}
  7300 | D:8      | Found a transporter.
  7311 | D:8      | Found a transporter.
  7328 | D:8      | Killed worthlessgem's ghost
  7625 | D:8      | Found an ancient bone altar of Kikubaaqudgha.
  7833 | D:8      | Noticed an oklob plant
  7849 | D:8      | Reached skill level 5 in Fire Magic
  7898 | D:8      | Reached *** piety under Okawaru
  8175 | D:8      | Found Offuniad's General Store.
  8454 | D:8      | Reached skill level 5 in Conjurations
  8454 | D:8      | Reached skill level 5 in Hexes
  8454 | D:8      | Reached skill level 5 in Summonings
  8454 | D:8      | Reached skill level 5 in Necromancy
  8454 | D:8      | Reached skill level 5 in Translocations
  8454 | D:8      | Reached skill level 5 in Transmutations
  8454 | D:8      | Reached skill level 5 in Ice Magic
  8454 | D:8      | Reached skill level 5 in Air Magic
  8454 | D:8      | Reached skill level 5 in Earth Magic
  8454 | D:8      | Reached skill level 5 in Poison Magic
  8454 | D:8      | Reached XP level 11. HP: 76/89 MP: 20/20
  8842 | D:9      | Found a staircase to the Orcish Mines.
  8909 | D:9      | Noticed Pikel
  8917 | D:9      | Killed Pikel
  9208 | D:9      | Learned a level 3 spell: Frozen Ramparts
  9504 | D:1      | Bought the ring "Myolif" {rCorr Dex+6 Slay+2} for 684 gold
                  | pieces
  9760 | D:9      | Noticed Erica
  9773 | D:9      | Killed Erica
  9773 | D:9      | Received a gift from Okawaru
 10100 | D:10     | Entered Level 10 of the Dungeon
 10111 | D:10     | Reached **** piety under Okawaru
 10379 | D:10     | Noticed Josephine
 10398 | D:10     | Killed Josephine
 10635 | D:10     | Noticed Harold
 10648 | D:10     | Killed Harold
 10648 | D:10     | Reached ***** piety under Okawaru
 10729 | D:10     | Noticed Gastronok
 10752 | D:10     | Killed Gastronok
 10752 | D:10     | Received a gift from Okawaru
 10953 | D:10     | Reached XP level 12. HP: 96/97 MP: 22/22
 11727 | D:11     | Found a runed translucent gate.
 11727 | D:11     | Found a runed translucent gate.
 11727 | D:11     | Found a runed translucent gate.
 11731 | D:11     | Noticed Flakmanz's ghost (journeyman MiAr)
 12088 | D:11     | Noticed a two-headed ogre
 12103 | D:11     | Killed a two-headed ogre
 12104 | D:11     | Reached skill level 10 in Fighting
 12104 | D:11     | Reached skill level 10 in Armour
 12104 | D:11     | Reached skill level 10 in Shields
 12234 | D:11     | Received a gift from Okawaru
 12351 | D:11     | Found a staircase to the Lair.
 13215 | Lair:1   | Entered Level 1 of the Lair of Beasts
 13647 | Lair:1   | Identified the +5 great sword "Hilaly" {spect, rElec rN++
                  | Will- Str-5} (Okawaru gifted it to you on level 1 of the
                  | Lair of Beasts)
 13647 | Lair:1   | Received a gift from Okawaru
 14372 | Lair:2   | Reached XP level 13. HP: 102/104 MP: 25/25
 14936 | Lair:2   | Got the Teachings on Maledictive Forms
 15018 | Lair:2   | Received a gift from Okawaru
 15663 | Lair:3   | Found a hole to the Spider Nest.
 15696 | Lair:3   | Learned a level 4 spell: Cause Fear
 15701 | Lair:3   | Learned a level 4 spell: Hailstorm
 15939 | Lair:3   | Found a staircase to the Swamp.
 16580 | Lair:4   | Reached ****** piety under Okawaru
 16593 | Lair:4   | Received a gift from Okawaru
 16674 | Lair:4   | Identified the +8 trident of the Dragonfly {venom, Will+
                  | Dex+3 SInv}
 16838 | Lair:4   | Found a staircase to the Slime Pits.
 16838 | Lair:4   | Found a viscous altar of Jiyva.
 16846 | Lair:4   | Fell from the grace of Okawaru
 16846 | Lair:4   | Became a worshipper of Jiyva Jekkayd the Shapeless
 17085 | Lair:4   | Found a stormy altar of Qazlal.
 17103 | Lair:4   | Reached skill level 10 in Axes
 17341 | Lair:4   | Quit the game

Illustrated notes

Levels and vault maps discovered:
D:1:      dpeg_arrival_connections, layout_basic, serial_shops,
          nicolae_shop_advertising_works [nicolae_subvault_shop_adworks],
          minmay_fountain_box, minivault_5
D:2:      layout_loops_ring, shapermc_ecumenical_altar_rom_forum,
          minmay_stone_trees_small, lexackson_kobold_supper
D:3:      layout_basic, amcnicky_altar_gilded,
          nicolae_concentric_dashed_squares_mild
D:4:      layout_cave_pools, gammafunk_ghost_grave, uniq_edmund, uniq_sigmund,
          uniq_grinder
D:5:      layout_gridville, jmf_multi_god_temple, uniq_prince_ribbit1,
          uniq_eustachio, uniq_blork_the_orc
D:6:      layout_loops_ring, minmay_temple_entry_junction_2, serial_shops,
          kennysheep_mini
D:7:      layout_cave_pools, uniq_duvessa
D:8:      lemuel_slime, layout_basic, mainiacjoe_overflow_catwalk_spiral,
          gammafunk_ghost_gnarly_gnolls, serial_shops, nicolae_stop_n_shop_1
D:9:      layout_grid_maze, hiddenorc1_lemuel, uniq_pikel, uniq_erica
D:10:     layout_roguey, uniq_gastronok, uniq_josephine, uniq_harold
D:11:     layout_basic, david_lair_generic, ebering_ghost_rock_garden
Temple:   minmay_temple_bridge_d
Lair:1:   layout_misc_corridors, nicolae_volcano_entry_s_turn,
          beast_lair_carwin_7
Lair:2:   layout_regular_city, st_stairs_4, grunt_megastairs_4,
          serial_bayou_shore_b, serial_bayou_shore_a, serial_bayou_shore_b,
          serial_bayou_shore_b
Lair:3:   layout_cave_pods, skrybe_swamp_entry_bodies, dummy_spider_entry
Lair:4:   layout_hall_layers, slime_entry_1, basic_altar, grunt_megastairs_5

Skill      XL: |  1  2  3  4  5  6  7  8  9 10 11 12 13 |
---------------+----------------------------------------+-----
Invocations    | 1 2 3 4 5 6 7 8 9 |  9.8
Short Blades   | 1 2 3 5 6 7 8 9 |  9.0
Long Blades    | 1 2 3 5 6 7 8 9 |  9.0
Maces & Flails | 1 2 3 5 6 7 8 9 |  9.0
Polearms       | 1 2 3 5 6 7 8 9 |  9.0
Staves         | 1 2 3 5 6 7 8 9 |  9.0
Ranged Weapons | 1 2 3 5 6 7 8 9 |  9.0
Throwing       | 1 2 3 5 6 7 8 9 |  9.0
Dodging        | 1 2 3 5 6 7 8 9 |  9.0
Stealth        | 1 2 3 5 6 7 8 9 |  9.0
Unarmed Combat | 1 2 3 5 6 7 8 9 |  9.0
Spellcasting   | 1 2 3 5 6 7 8 9 |  9.0
Evocations     | 1 2 3 5 6 7 8 9 |  9.0
Conjurations   | 1 2 3 4 5 6 7 |  7.4
Hexes          | 1 2 3 4 5 6 7 |  7.4
Summonings     | 1 2 3 4 5 6 7 |  7.4
Necromancy     | 1 2 3 4 5 6 7 |  7.4
Translocations | 1 2 3 4 5 6 7 |  7.4
Transmutations | 1 2 3 4 5 6 7 |  7.4
Fire Magic     | 1 2 3 4 5 6 8 9 |  9.4
Ice Magic      | 1 2 3 4 5 6 7 |  7.4
Air Magic      | 1 2 3 4 5 6 7 |  7.4
Earth Magic    | 1 2 3 4 5 6 7 |  7.4
Poison Magic   | 1 2 3 4 5 6 7 |  7.4
Axes           | 5 6 7 8 9 10 | 10.1
Fighting       | 7 8 9 10 11 | 11.1
Armour         | 7 8 9 10 11 | 11.1
Shields        | 7 8 9 10 11 | 11.1

Action                   |  1- 3 |  4- 6 |  7- 9 | 10-12 | 13-15 || total
-------------------------+-------+-------+-------+-------+-------++-------
Melee: War axe           |    85 |    43 |   117 |   375 |   135 ||   755
       Bite              |     8 |     6 |    16 |    66 |    24 ||   120
       Scimitar          |       |       |       |     9 |    22 ||    31
       Trident           |       |       |       |       |     4 ||     4
 Fire: Sling             |     2 |    55 |    93 |   194 |   120 ||   464
 Cast: Frozen Ramparts   |       |       |       |       |     9 ||     9
Invok: Heroism           |       |       |       |     1 |       ||     1
Evoke: Wand              |       |       |       |     2 |       ||     2
  Use: Scroll            |     8 |     6 |     5 |     7 |     4 ||    30
       Potion            |       |     1 |     1 |       |       ||     2
 Stab: Distracted        |       |       |       |    12 |     5 ||    17
       Sleeping          |       |       |       |     2 |       ||     2
Armor: Scale mail        |    37 |    15 |    43 |   144 |    38 ||   277
Dodge: Dodged            |    29 |    21 |    50 |   163 |    79 ||   342
Block: Buckler           |    16 |    22 |    41 |   127 |    53 ||   259
